 Dungeon Crawl Stone Soup version 0.19-a0-1019-g9c6a58d (webtiles) character file.

67 Gruud the Changer (level 3, 0/26 HPs)
             Began as a Demonspawn Transmuter on July 26, 2016.
             Succumbed to a kobold's poison
             ... on level 3 of the Dungeon.
             The game lasted 00:05:07 (1071 turns).

Gruud the Changer (Demonspawn Transmuter)           Turns: 1071, Time: 00:05:08

Health: 0/26       AC:  6    Str: 10    XL:     3   Next: 98%
Magic:  2/6        EV: 12    Int: 14    God:
Gold:   60         SH:  0    Dex: 14    Spells: 3 memorised, 0 levels left

rFire  . . .     SeeInvis .       - Unarmed
rCold  . . .     Gourm    .     g - +0 robe
rNeg   . . .     Faith    .     (no shield)
rPois  .         Spirit   .     p - +0 helmet
rElec  .         Dismiss  .     (no cloak)
rCorr  .         Reflect  .     j - +2 pair of gloves
SustAt .         Harm     .     (no boots)
MR     +....     Rnd*Tele +     (no amulet)
Stlth  +.........               o - ring of teleportation (curse)
                                l - ring of protection from magic

@: lethally poisoned (0 -> -6), very slightly contaminated, somewhat resistant
to hostile enchantments, very unstealthy
A: talons 1, demonic guardian 1
a: no special abilities


You were on level 3 of the Dungeon.
You were hungry.

You visited 1 branch of the dungeon, and saw 3 of its levels.

You collected 60 gold pieces.

Inventory:

Hand Weapons
 b - a +0 hunting sling
 q - a +0 blowgun
Missiles
 a - 17 arrows
 h - 12 stones (quivered)
 r - 11 poisoned needles
Armour
 g - a +0 robe (worn)
 j - a +2 pair of gloves (worn)
 p - a +0 helmet (worn)
Jewellery
 l - a ring of protection from magic (left hand)
 o - a cursed ring of teleportation (right hand)
Scrolls
 e - a scroll of identify
 f - a scroll of recharging
Potions
 k - a potion of magic
Books
 c - a book of Changes

   Spells                             Type                      Level
   a - Beastly Appendage              Transmutation                1
   b - Sticks to Snakes               Transmutation                2
   c - Spider Form                    Transmutation/Poison         3
   d - Ice Form                       Ice/Transmutation            4
   e - Blade Hands                    Transmutation                5
Comestibles
 d - a bread ration
 i - 10 chunks of flesh
 m - a beef jerky
 n - a meat ration


   Skills:
 - Level 1.0 Fighting
 - Level 1.7 Dodging
 - Level 2.6 Unarmed Combat
 - Level 2.0 Spellcasting
 * Level 3.9 Transmutations


You couldn't memorise any spells.
You knew the following spells:

 Your Spells              Type           Power        Failure   Level  Hunger
a - Beastly Appendage     Tmut           ##....       6%          1    ##.....
b - Sticks to Snakes      Tmut           ##......     10%         2    ###....
c - Spider Form           Tmut/Pois      #.........   38%         3    ####...


Dungeon Overview and Level Annotations

Branches:
Dungeon (3/15)

Altars:
Xom


Innate Abilities, Weirdness & Mutations

You have sharp toenails.
A weak demonic guardian rushes to your aid.


Message History

You closely miss the rat. Your kick misses the rat. The rat bites you.
* * * LOW HITPOINT WARNING * * *
You closely miss the rat.
* * * LOW HITPOINT WARNING * * *
You feel sick. The rat bites you.
* * * LOW HITPOINT WARNING * * *
Okay, then.
You hit the rat.
You kill the rat!
* * * LOW HITPOINT WARNING * * *
You feel sick.
Casting: Spider Form
Confirm with . or Enter, or press ? or * to list all spells.
You create a snake!
You now have 17 arrows.
Casting: Sticks to Snakes
Confirm with . or Enter, or press ? or * to list all spells.
You miscast Sticks to Snakes.
You are very lightly contaminated with residual magic.
You feel a strange surge of energy!
You die...

...♣ ##.#
≈gg..#..#
..gg.#..# ######
g_...gg.##......
#.(.#......
#..........
###((......
#.†.#......
#@..#.?....
#(..# #####
#(.S#
####.#####...#
......))))(..#
.#########)..#
#...# #...#
#...#


You could see a friendly ball python.

Vanquished Creatures
  Robin (D:3)
  An adder (D:2)
  4 giant geckos
  A ball python (D:2)
  A giant cockroach (D:1)
  13 goblins
  5 hobgoblins
  A quokka (D:3)
  3 bats
  A giant newt (D:2)
  4 kobolds
  4 rats
39 creatures vanquished.

Vanquished Creatures (collateral kills)
  A hobgoblin (D:1)
  A bat (D:1)
2 creatures vanquished.

Grand Total: 41 creatures vanquished

Notes
Turn   | Place    | Note
-------+----------+-------------------------------------------
     0 | D:1      | Gruud the Demonspawn Transmuter began the quest for the Orb.
     0 | D:1      | Reached XP level 1. HP: 15/15 MP: 3/3
    51 | D:1      | Reached skill level 2 in Transmutations
   328 | D:1      | Gained mutation: A weak demonic guardian rushes to your aid. [demonic ancestry]
   328 | D:1      | Reached XP level 2. HP: 21/21 MP: 3/5
   332 | D:1      | Learned a level 2 spell: Sticks to Snakes
   464 | D:1      | You fall through a shaft!
   597 | D:2      | Reached skill level 3 in Transmutations
   781 | D:1      | Gained mutation: You have sharp toenails. [demonic ancestry]
   781 | D:1      | Reached XP level 3. HP: 18/26 MP: 6/6
   786 | D:1      | Learned a level 3 spell: Spider Form
   977 | D:3      | Found a shimmering altar of Xom.
   979 | D:3      | Found a shimmering altar of Xom.
   979 | D:3      | Noticed Robin
  1014 | D:3      | Killed Robin
  1067 | D:3      | HP: 1/26 [rat (2)]
  1071 | D:3      | Succumbed to a kobold's poison

Vault maps used:
D:1:      minmay_arrival_radiant_lines
D:2:      mumra_celtic_spiral_tile, old_standard_altar
D:3:      xom_redecorated, uniq_robin

Skill      XL: |  1  2 |
---------------+-------+-----
Transmutations | 2 3 |  3.9
Fighting       | |  1.0
Dodging        | |  1.7
Unarmed Combat | |  2.6
Spellcasting   | |  2.0

Action                   || total
-------------------------++-------
Melee: Unarmed           ||   134
       Headbutt          ||     3
       Kick              ||    13
 Fire: Hunting sling     ||     6
 Cast: Beastly Appendage ||    13
       Sticks to Snakes  ||     4
       Spider Form       ||     2
  Use: Scroll            ||     3
  Eat: Chunk             ||     1
Armor: Robe              ||    35
       Skin              ||     4
Dodge: Dodged            ||   101
